 Dungeon Crawl Stone Soup version 0.32-a0-900-g30fb1b0edc (webtiles) character file.

Game seed: 866464506875119235

3580 Fodor the Cleaver (level 9, 0/77 (81) HPs)
             Began as a Minotaur Fighter on Apr 5, 2024.
             Was an Initiate of Gozag.
             Slain by a wight
             ... wielding a +0 flail
              (1 damage)
             ... on level 8 of the Dungeon.
             The game lasted 00:18:06 (6112 turns).

Fodor the Cleaver (Minotaur Fighter)                Turns: 6112, Time: 00:18:09

HP:   0/77 (81)     AC: 15    Str: 29 (30) XL:     9   Next: 84%
MP:   8/8           EV:  6    Int:  5 (7)  God:    Gozag
Gold: 495           SH:  8    Dex:  7 (9)  Spells: 8/8 levels left

rFire   . . .        H - +0 morningstar (protect)
rCold   . . .        q - +0 kite shield
rNeg    . . .        u - +0 plate armour
rPois   .            (helmet restricted)
rElec   .            g - scarf {harm}
rCorr   .            t - +0 pair of gloves
SInv    .            (no boots)
Will    +....        E - amulet of regeneration Stlth
                     e - ring of wizardry
HPRegen 1.12/turn    C - +6 ring of strength
MPRegen 0.11/turn

%: harm (+30% outgoing, +20% incoming), wizardry (x1)
@: enlightened, flying, lightly drained
A: horns 2, retaliatory headbutt
a: Renounce Religion, Potion Petition, Call Merchant, Bribe Branch


You were on level 8 of the Dungeon.
You worshipped Gozag.
Gozag was aware of your devotion.
You visited 2 branches of the dungeon, and saw 9 of its levels.

You collected 593 gold pieces.
You paid 98 gold pieces to Gozag.

Inventory:

Hand Weapons
 a - a +0 war axe of freezing
 b - a +5 great sword
 x - a +0 war axe of pain
 H - a +0 morningstar of protection (weapon)
Armour
 g - a scarf of harm (worn)
 q - a +0 kite shield (worn)
 t - a +0 pair of gloves (worn)
 u - a +0 plate armour (worn)
Jewellery
 e - a ring of wizardry (left hand)
 y - a ring of fire
 C - a +6 ring of strength (right hand)
 E - an amulet of regeneration (around neck)
 G - a ring of flight
 I - a +6 ring of intelligence
Talismans
 o - a maw talisman
Wands
 z - a wand of quicksilver (11)
 A - a wand of roots (8)
 D - a wand of flame (15)
Scrolls
 c - 2 scrolls of teleportation
 k - a scroll of vulnerability {unknown}
 l - a scroll of fog
 m - a scroll of immolation
 s - 2 scrolls of fear
 v - 2 scrolls of blinking
 w - 2 scrolls of amnesia
 B - a scroll of poison
 F - a scroll of torment
Potions
 d - a potion of might
 f - a potion of mutation {unknown}
 h - 2 potions of enlightenment
 i - 3 potions of degeneration
 j - 2 potions of curing
 n - a potion of haste {unknown}
 p - 2 potions of brilliance {unknown}
 r - a potion of ambrosia {unknown}


   Skills:
 + Level 7.9 Fighting
 + Level 11.3 Axes
 + Level 1.0(7.2) Maces & Flails
 + Level 8.7 Armour
 + Level 2.1 Dodging
 + Level 0.5 Stealth
 + Level 7.4 Shields


You had 8 spell levels left.
You didn't know any spells.
Your spell library contained the following spells:

 Spells                   Type           Power      Damage    Failure   Level
 Sting                    Conj/Alch      0%         1d3       95%         1
 Summon Small Mammal      Summ           0%         N/A       95%         1
 Mercury Vapours          Alch/Air       0%         N/A       98%         2
 Call Canine Familiar     Summ           0%         N/A       100%        3
 Teleport Other           Tloc           0%         N/A       100%        3
 Olgreb's Toxic Radiance  Alch           0%         N/A       100%        4
 Summon Blazeheart Golem  Fire/Summ      0%         N/A       100%        4
 Dispersal                Tloc           0%         N/A       100%        6
 Gell's Gavotte           Tloc           0%         2d(11-16) 100%        6


Dungeon Overview and Level Annotations

Branches:
Dungeon (8/15)             Temple (1/1) D:6
   Lair: D:8-11

Altars:
Ashenzari
Dithmenos
Elyvilon
Fedhas
Gozag
Hepliaklqana
Kikubaaqudgha
Makhleb
Nemelex Xobeh
Okawaru
Qazlal
Ru
Sif Muna
Uskayaw
Wu Jian
Xom
Yredelemnul
Zin
The Shining One

Shops:
D:6 *   D:7 [


Innate Abilities, Weirdness & Mutations

You have a pair of horns on your head.
You reflexively headbutt those who attack you in melee.


Message History

Things that are here:
7 gold pieces; a +1 vampiric great sword; a +0 robe The orc warrior is no longer distracted by gold.
The wight is no longer distracted by gold.
You hit the wight. Your headbutt misses the wight.
The wight is lightly damaged.
You block the wight's attack.
You completely miss the wight.
The wight is lightly damaged.
The wight closely misses you.
The orc warrior hits you but does no damage.
You barely miss the wight.
The wight is lightly damaged.
The wight barely misses you. The wight hits you with a +0 scimitar!
The orc warrior hits you with a +0 scimitar!
The wight hits you but does no damage. The wight hits you with a +0 scimitar!
* * * LOW HITPOINT WARNING * * *
You feel drained.
* * * LOW HITPOINT WARNING * * *
Okay, then.
It was a potion of degeneration.
There was something very wrong with that liquid.
You feel weakened.
You feel dopey.
You feel clumsy. You block the orc warrior's attack.
The wight hits you with a +0 scimitar!
* * * LOW HITPOINT WARNING * * *
The wight hits you but does no damage.
It was a potion of enlightenment.
You feel very buoyant.
You fly up into the air.
The orc warrior hits you but does no damage.
You block the wight's attack. The wight hits you with a +0 flail!
* * * LOW HITPOINT WARNING * * *
It was a potion of curing.
You feel better.
The orc warrior hits you with a +0 scimitar.
* * * LOW HITPOINT WARNING * * *
The wight hits you but does no damage. The wight hits you with a +0 flail.
* * * LOW HITPOINT WARNING * * *
You feel drained.
You die...
Your body crumbles into a pile of gold.

................
#................
#................
#................
#.......?........
#................
#........<.......
#.....z..........
#....@o..$.......
#....z..$........
.........$.$.......
.........$.........
..............#####
..............#
..............#
..............#
.............#


You could see an orc warrior and 2 wights.

Vanquished Creatures
  Maggie (D:6)
  A troll (D:7)
  Grinder (D:4)
  Sigmund (D:2)
  2 black bears
  An ogre (D:3)
  A phantom (D:5)
  3 bullfrogs
  6 scorpions
  17 wights
  A howler monkey (D:3)
  2 hounds (D:5)
  6 bombardier beetles
  An orc priest (D:7)
  A gnoll bouda (D:4)
  2 sleepcaps
  Jessica (D:2)
  4 iguanas
  7 orc wizards
  6 gnolls
  7 adders
  A white imp (D:4)
  A dart slug (D:3)
  A ribbon worm (D:2)
  24 orcs
  9 ball pythons
  13 bats
  6 endoplasms
  3 giant cockroaches
  6 goblins
  10 hobgoblins
  7 jackals
  6 quokkas
  4 frilled lizards
  9 kobolds
  A rat (D:1)
173 creatures vanquished.

Notes
Turn   | Place    | Note
-------+----------+-------------------------------------------
     0 | D:1      | Fodor the Minotaur Fighter began the quest for the Orb.
     0 | D:1      | Reached XP level 1. HP: 19/19 MP: 0/0
    68 | D:1      | Found a faded altar of an unknown god.
   166 | D:1      | Reached XP level 2. HP: 27/27 MP: 1/1
   898 | D:2      | Reached XP level 3. HP: 33/33 MP: 2/2
   922 | D:2      | Reached skill level 3 in Axes
   973 | D:2      | Noticed Sigmund
   978 | D:2      | Killed Sigmund
   979 | D:2      | Reached skill level 4 in Axes
   979 | D:2      | Reached skill level 1 in Dodging
   979 | D:2      | Reached XP level 4. HP: 15/41 MP: 3/3
   979 | D:2      | Reached XP level 5. HP: 17/47 MP: 4/4
  1096 | D:2      | Noticed Jessica
  1108 | D:2      | Killed Jessica
  1115 | D:2      | Reached skill level 5 in Axes
  1380 | D:2      | Reached skill level 5 in Armour
  1706 | D:3      | Noticed an ogre
  1714 | D:3      | Killed an ogre
  1715 | D:3      | Reached XP level 6. HP: 13/53 MP: 5/5
  2070 | D:3      | Found a broken altar of Ashenzari.
  2484 | D:3      | Found an ornate altar of the Wu Jian Council.
  2550 | D:3      | Reached skill level 6 in Axes
  2560 | D:3      | Found an iron altar of Okawaru.
  2880 | D:4      | Reached XP level 7. HP: 48/60 MP: 6/6
  2983 | D:4      | Reached skill level 5 in Shields
  3088 | D:4      | Reached skill level 5 in Fighting
  3343 | D:4      | Reached skill level 7 in Axes
  3516 | D:4      | Found a burning altar of Makhleb.
  3644 | D:4      | Reached XP level 8. HP: 70/70 MP: 7/7
  3647 | D:4      | Identified the +2 short sword of the Sage {flame, Fly rF-
                  | rC++ Will+}
  3943 | D:4      | Noticed Grinder
  3951 | D:4      | Killed Grinder
  4037 | D:5      | Entered Level 5 of the Dungeon
  4057 | D:5      | Reached skill level 8 in Axes
  4835 | D:6      | Found Ea-nāṣir's Fine Metal Goods.
  4958 | D:6      | Reached skill level 9 in Axes
  4967 | D:6      | Found a stormy altar of Qazlal.
  4977 | D:6      | Reached XP level 9. HP: 32/79 MP: 8/8
  5030 | D:6      | Found a blossoming altar of Fedhas.
  5273 | D:6      | Noticed Maggie
  5301 | D:6      | Killed Maggie
  5355 | D:6      | Found a staircase to the Ecumenical Temple.
  5361 | Temple   | Entered the Ecumenical Temple
  5367 | Temple   | Became a worshipper of Gozag Ym Sagoz the Greedy
  5428 | D:6      | Reached skill level 10 in Axes
  5607 | D:7      | Noticed a troll
  5612 | D:7      | Killed a troll
  5628 | D:7      | Found Alur Bof's Antique Armour Boutique.
  5713 | D:7      | Identified the +1 ring mail of Wogimny {Int+3}
  5735 | D:7      | Reached skill level 11 in Axes
  5787 | D:7      | Found a glowing silver altar of Zin.
  6104 | D:8      | Reached skill level 1 in Maces & Flails
  6111 | D:8      | HP: 3/78 [wight/+0 flail (10)]
  6112 | D:8      | HP: 1/78 [wight/+0 flail (2)]
  6112 | D:8      | Slain by a wight

Illustrated notes

Levels and vault maps discovered:
D:1:      elethiomel_arrival_shortcut, layout_basic,
          shapermc_ecumenical_altar_flowoftime, minmay_misc_feat_hallway,
          kennysheep_minor_cross
D:2:      layout_basic, uniq_jessica, uniq_sigmund
D:3:      layout_loops_ring, mainiacjoe_overflow_small_starburst,
          nzn_wu_jian_council_hall, okawaru_altar_gauntlet_db
D:4:      layout_basic, mainiacjoe_overflow_boulevard, uniq_grinder
D:5:      layout_loops_ring, minmay_a_box_with_orc_wizards_in_it
D:6:      old_forge, layout_basic, grunt_temple_overflow_forces_of_nature,
          minmay_temple_entry_fiery, nicolae_ea-nasir_strikes_again, uniq_maggie
D:7:      layout_gridville, amcnicky_altar_gilded, serial_shops,
          nicolae_shop_overgrown_old_shop, corner_web_ring
D:8:      layout_gridville, grunt_ministairs_1, nicolae_the_louvre
Temple:   nicolae_temple_bog_church

Skill      XL: |  1  2  3  4  5  6  7  8  9 |
---------------+----------------------------+-----
Armour         | 4 5 6 7 8 |  8.7
Fighting       | 4 5 7 |  7.9
Axes           | 4 5 6 7 9 11 | 11.3
Dodging        | 1 2 |  2.1
Shields        | 4 5 6 7 |  7.4
Maces & Flails | 1 |  1.0
Stealth        | |  0.5

Action                     |  1- 3 |  4- 6 |  7- 9 || total
---------------------------+-------+-------+-------++-------
  Melee: War axe           |    66 |   103 |   203 ||   372
         Headbutt          |     5 |     7 |    43 ||    55
         Morningstar       |       |       |    40 ||    40
    Use: Scroll            |       |       |    10 ||    10
         Potion            |       |       |     3 ||     3
 Armour: Scale mail        |    81 |    41 |       ||   122
         Plate armour      |       |    28 |   173 ||   201
  Dodge: Dodged            |    34 |    42 |    59 ||   135
  Block: Buckler           |    13 |     7 |       ||    20
         Kite shield       |       |    22 |   112 ||   134

Table legend: (Time is in decaauts)
 A = Elapsed time spent in this place.
 B = Non-inter-level travel time spent in this place.
 C = Inter-level travel time spent in this place.
 D = Time resting spent in this place.
 E = Time spent auto-exploring this place.
 F = Levels seen in this place.
 G = Mean time per level.
                   A        B        C        D        E       F      G
               +--------+--------+--------+--------+--------+-----+--------+
         Total |   6213 |   5952 |    261 |    153 |   4142 |   9 |  690.3 |
       Dungeon |   6200 |   5939 |    261 |    153 |   4142 |   8 |  775.0 |
        Temple |     12 |     12 |      0 |      0 |      0 |   1 |   12.0 |
               +--------+--------+--------+--------+--------+-----+--------+

Top non-repeatable levels by time:
     D:4: 1390 daAuts
     D:3: 1057 daAuts
     D:1: 863 daAuts
     D:2: 804 daAuts
     D:5: 799 daAuts
     D:6: 763 daAuts
     D:7: 494 daAuts
     D:8: 26 daAuts
  Temple: 12 daAuts
